 Dungeon Crawl Stone Soup version 0.20.1-1-g8b1a95d (webtiles) character file.

4566 gddmnbatman the Cleaver (level 10, -4/90 HPs)
             Began as a Minotaur Berserker on Jan 3, 2018.
             Was a High Priest of Trog.
             Slain by a death yak (11 damage)
             ... on level 9 of the Dungeon.
             The game lasted 01:14:39 (7236 turns).

gddmnbatman the Cleaver (Minotaur Berserker)        Turns: 7236, Time: 01:14:39

Health: -4/90      AC: 25    Str: 26    XL:     10   Next: 18%
Magic:  9/9        EV:  6    Int:  4    God:    Trog [*****.]
Gold:   28         SH:  0    Dex:  9    Spells: 9/9 levels left

rFire    . . .     SeeInvis .   y - +2 war axe
rCold    . . .     Gourm    .   (no shield)
rNeg     . . .     Faith    .   H - +1 crystal plate armour
rPois    .         Spirit   .   (helmet restricted)
rElec    .         Reflect  .   T - +2 cloak
rCorr    .         Harm     .   w - +0 pair of gloves
MR       .....                  (no boots)
Stlth    ..........             (no amulet)
Regen    0.3/turn               N - +2 ring of slaying
MPRegen  0.2/turn               (no ring)

@: very slightly contaminated, invisible
A: retaliatory headbutt, horns 2
a: Berserk, Trog's Hand, Brothers in Arms, Burn Spellbooks, Renounce Religion


You were on level 9 of the Dungeon.
You worshipped Trog.
Trog was extremely pleased with you.
You were not hungry.

You visited 1 branch of the dungeon, and saw 9 of its levels.
You also visited: Sewer.

You collected 378 gold pieces.
You spent 350 gold pieces at shops.

Inventory:

Hand Weapons
 a - a +0 mace
 y - a +2 war axe (weapon)
 K - a +0 flail
 O - a +1 mace of holy wrath
Missiles
 M - 8 steel javelins (quivered)
 S - 3 tomahawks
 Y - 5 exploding tomahawks
Armour
 u - a +0 ring mail
 w - a +0 pair of gloves (worn)
 x - a +0 pair of gloves
 A - a +0 robe
 H - a +1 crystal plate armour (worn)
 T - a +2 cloak (worn)
Jewellery
 N - a +2 ring of slaying (left hand)
Wands
 g - a wand of flame (26/48)
 p - a wand of random effects (22/48)
 s - a wand of flame (13/48)
 J - a wand of flame (19/48)
 U - a wand of lightning (11/15)
 W - a wand of random effects (15/48)
Scrolls
 b - 2 scrolls of summoning
 j - 9 scrolls of teleportation
 m - 5 scrolls of recharging
 z - a scroll of magic mapping
 E - a scroll of blinking
 F - 2 scrolls of fog
 Q - a scroll of remove curse
Potions
 q - 2 potions of brilliance
 t - 3 potions of flight
 B - 3 potions of might
 C - 2 potions of magic
 D - a potion of haste {unknown}
 G - a potion of cancellation
 P - a potion of resistance
 X - a potion of ambrosia {unknown}
Books
 h - a book of Callings

   Spells                             Type                      Level
   a - Summon Small Mammal            Summoning                    1
   b - Call Imp                       Summoning                    2
   c - Call Canine Familiar           Summoning                    3
   d - Summon Guardian Golem          Hexes/Summoning              3
   e - Summon Lightning Spire         Summoning/Air                4
   f - Summon Ice Beast               Ice/Summoning                4
   Trog disapproves of the use of such an item.
Comestibles
 c - 4 bread rations
 d - 3 fruits
 f - 5 meat rations
 v - 3 royal jellies


   Skills:
 + Level 8.7 Fighting
 + Level 10.1(11.3) Axes
 + Level 8.5(10.5) Maces & Flails
 + Level 8.8 Armour
 + Level 4.6 Dodging
 + Level 0.8 Stealth


You had 9 spell levels left.
You didn't know any spells.

Dungeon Overview and Level Annotations

Branches:
Dungeon (9/15)
 Temple: D:4-7         Lair: D:8-11         Orc: D:9-12

Altars:
Cheibriados
Hepliaklqana
Makhleb
Nemelex Xobeh
Trog
Uskayaw
Vehumet
Zin

Shops:
D:9 %

Annotations:
D:3 Ymberto's ghost, amateur HuFi


Innate Abilities, Weirdness & Mutations

You reflexively headbutt those who attack you in melee.
You have a pair of horns on your head.


Message History

Unknown command.
Blink to where?
Press: ? - help, Dir - move target cursor, f - you
Okay, then.
Blink to where?
Press: ? - help, Dir - move target cursor, f - you
Okay, then.
Blink to where?
Press: ? - help, Dir - move target cursor You are very lightly contaminated with residual magic.
As you read the scroll of blinking, it crumbles to dust.
You fade into invisibility!
The death yak snorts and paws the ground.
The hell rat twitches its whiskers.
You slash the death yak!
The death yak is moderately wounded.
You slice the death yak!!
The death yak is heavily wounded.
The death yak gores you!
You die...

......... .........
.......# ###.......#...+
.. +...... #....# ...
##+#.....## ....####...
..........# #.........
..........# #.@.......
..........# #.Y.......
.....)†...###+#.Y.......
+#####........r.........
.....#)(......rY........
.....().................
+###)#..................
#.....#+############+####
...#
#.....'.................#
...+


You could see 3 death yaks, a hell rat and a porcupine.

Vanquished Creatures
  Erica (D:8)
  A two-headed ogre (D:7)
  Psyche (D:8)
  The ghost of dscm the Chopper, a novice DsFi (D:4)
  Sigmund (D:6)
  2 ice beasts
  A sky beast (D:7)
  6 ogres
  2 phantoms
  2 centaurs
  A big kobold (D:9)
  A gnoll sergeant (D:6)
  2 bullfrogs (Sewer)
  A wyvern zombie (D:8)
  3 scorpions
  2 crimson imps
  A bullfrog zombie (D:5)
  A centaur zombie (D:8)
  5 hounds
  A jelly (D:8)
  Crazy Yiuf (D:7)
  A bullfrog skeleton (D:9)
  An orc priest (D:4)
  5 orc wizards
  A hell rat (D:9)
  4 worker ants
  A killer bee zombie (D:7)
  A hound skeleton (D:5)
  A worker ant zombie (D:5)
  3 gnolls (D:6)
  5 river rats
  18 adders
  A shadow imp (D:6)
  An adder zombie (D:7)
  2 adder skeletons (D:5)
  3 worms
  A dart slug (D:2)
  3 leopard geckos
  18 orcs
  13 ball pythons
  2 bats
  3 giant cockroaches
  2 goblins
  5 hobgoblins
  2 jackals (D:2)
  11 kobolds
  4 quokkas
  5 frilled lizards
  A quokka skeleton (D:8)
  31 rats
186 creatures vanquished.

Vanquished Creatures (collateral kills)
  An orc priest (D:8)
1 creature vanquished.

Grand Total: 187 creatures vanquished

Notes
Turn   | Place    | Note
-------+----------+-------------------------------------------
     0 | D:1      | gddmnbatman the Minotaur Berserker began the quest for the Orb.
     0 | D:1      | Reached XP level 1. HP: 19/19 MP: 0/0
   632 | D:1      | Reached XP level 2. HP: 27/27 MP: 1/1
   984 | D:2      | Reached XP level 3. HP: 28/33 MP: 2/2
   988 | D:2      | Found a hide-covered altar of Uskayaw.
  1122 | D:2      | Found a glowing silver altar of Zin.
  1302 | D:2      | Reached XP level 4. HP: 40/41 MP: 3/3
  1324 | D:2      | Found a burning altar of Makhleb.
  1562 | D:3      | Noticed Ymberto's ghost (amateur HuFi)
  1581 | D:3      | Reached ** piety under Trog
  1728 | D:3      | Reached skill level 5 in Maces & Flails
  1977 | D:3      | Found a radiant altar of Vehumet.
  2147 | D:4      | Reached XP level 5. HP: 44/47 MP: 4/4
  2481 | D:4      | Reached XP level 6. HP: 17/55 MP: 5/5
  2496 | D:4      | Reached skill level 5 in Fighting
  2661 | D:4      | Noticed dscm's ghost (novice DsFi)
  2672 | D:4      | Killed dscm's ghost
  2672 | D:4      | Reached skill level 5 in Armour
  2672 | D:4      | Reached XP level 7. HP: 47/61 MP: 6/6
  3186 | D:5      | Entered Level 5 of the Dungeon
  3391 | D:5      | Found a sparkling altar of Nemelex Xobeh.
  3405 | D:5      | Found a bloodstained altar of Trog.
  3432 | D:5      | Reached XP level 8. HP: 62/70 MP: 7/7
  3606 | D:5      | Reached skill level 1 in Axes
  3692 | D:5      | Found a glowing drain.
  3743 | Sewer    | Entered a sewer
  3779 | Sewer    | Reached *** piety under Trog
  3930 | Sewer    | Reached skill level 2 in Axes
  3996 | Sewer    | Reached skill level 3 in Axes
  4273 | D:5      | You fall through a shaft!
  4397 | D:6      | Identified a scroll of acquirement
  4452 | D:6      | Reached **** piety under Trog
  4488 | D:6      | Noticed Sigmund
  4503 | D:6      | Reached skill level 4 in Axes
  4506 | D:6      | Killed Sigmund
  4838 | D:6      | Found a bloodstained altar of Trog.
  4850 | D:6      | Reached skill level 5 in Axes
  5215 | D:6      | Reached XP level 9. HP: 76/79 MP: 8/8
  5410 | D:6      | Received a gift from Trog
  5443 | D:7      | Noticed a two-headed ogre
  5456 | D:7      | Killed a two-headed ogre
  5456 | D:7      | Reached skill level 7 in Axes
  5467 | D:7      | Found a hazy altar of Hepliaklqana.
  5832 | D:7      | Reached skill level 8 in Axes
  5854 | D:7      | Found a snail-covered altar of Cheibriados.
  6004 | D:7      | Found a runed door.
  6008 | D:7      | Noticed Crazy Yiuf
  6010 | D:7      | Killed Crazy Yiuf
  6276 | D:8      | Noticed Erica
  6292 | D:8      | Killed Erica
  6292 | D:8      | Reached skill level 9 in Axes
  6400 | D:8      | Reached XP level 10. HP: 77/90 MP: 9/9
  6661 | D:8      | Noticed Psyche
  6666 | D:8      | Killed Psyche
  7059 | D:9      | Found Femoteur's Food Shop.
  7065 | D:9      | Bought a meat ration for 70 gold pieces
  7065 | D:9      | Bought a meat ration for 70 gold pieces
  7065 | D:9      | Bought a meat ration for 70 gold pieces
  7065 | D:9      | Bought a meat ration for 70 gold pieces
  7065 | D:9      | Bought a meat ration for 70 gold pieces
  7201 | D:9      | Reached skill level 10 in Axes
  7206 | D:9      | Noticed a death yak
  7209 | D:9      | Noticed a death yak
  7213 | D:9      | Noticed a death yak
  7213 | D:9      | Reached ***** piety under Trog
  7223 | D:9      | HP: 4/90 [death yak (16)]
  7236 | D:9      | Slain by a death yak

Skill      XL: |  1  2  3  4  5  6  7  8  9 10 |
---------------+-------------------------------+-----
Maces & Flails | 4 5 6 7 8 |  8.5
Fighting       | 4 5 7 8 |  8.7
Armour         | 3 4 5 6 7 8 |  8.8
Dodging        | 3 4 |  4.6
Axes           | 5 9 10 | 10.1
Stealth        | |  0.8

Action                   |  1- 3 |  4- 6 |  7- 9 | 10-12 || total
-------------------------+-------+-------+-------+-------++-------
Melee: Mace              |    44 |    75 |    40 |       ||   159
       Headbutt          |     4 |    12 |    53 |    11 ||    80
       War axe           |       |       |   230 |    52 ||   282
  Use: Scroll            |     7 |     8 |    11 |     2 ||    28
       Potion            |     2 |     1 |     2 |     3 ||     8
  Eat: Bread ration      |     1 |       |     2 |       ||     3
       Meat ration       |       |       |     2 |       ||     2
       Chunk             |       |       |     1 |       ||     1
Armor: Leather armour    |    11 |     5 |       |       ||    16
       Animal skin       |     1 |       |       |       ||     1
       Ring mail         |       |    17 |    64 |       ||    81
       Crystal plate arm |       |       |   112 |    48 ||   160
Dodge: Dodged            |    36 |    47 |   151 |    27 ||   261
